 Dungeon Crawl Stone Soup version 0.28.0-1-gb440e238dd (webtiles) character file.

Game seed: 7644448841366034750

42 pkoi the Insei (level 3, 0/31 HPs)
             Began as a Draconian Monk on Feb 23, 2022.
             Slain by a gnoll (5 damage)
             ... on level 2 of the Dungeon.
             The game lasted 00:01:00 (1169 turns).

pkoi the Insei (Draconian Monk)                     Turns: 1169, Time: 00:01:01

Health: 0/31       AC:  5    Str: 13    XL:     3   Next: 35%
Magic:  3/3        EV: 12    Int: 12    God:
Gold:   77         SH:  0    Dex: 13    Spells: 2/2 levels left

rFire   . . .      SeeInvis .     - Unarmed
rCold   . . .      Faith    .   (no shield)
rNeg    . . .      Spirit   .   (armour unavailable)
rPois   .          Reflect  .   (helmet restricted)
rElec   .          Harm     .   (no cloak)
rCorr   .          Rampage  .   (no gloves)
Will    .....                   (no boots)
Stlth   ++........              (no amulet)
HPRegen 0.10/turn               (no ring)
MPRegen 0.08/turn               (no ring)

@: no status effects
A: AC +5, unfitting armour, cold-blooded
a: no special abilities


You were on level 2 of the Dungeon.
You visited 1 branch of the dungeon, and saw 2 of its levels.

You collected 77 gold pieces.

You aren't carrying anything.


   Skills:
 - Level 3.2 Fighting
 - Level 2.6 Dodging
 - Level 1.7 Stealth
 + Level 4.5 Unarmed Combat


You had 2 spell levels left.
You didn't know any spells.
Your spell library was empty.

Dungeon Overview and Level Annotations

Branches:
Dungeon (2/15)

Altars:


Innate Abilities, Weirdness & Mutations

Your plain brown scales are hard. (AC +5)
You cannot fit into any form of body armour.
You are cold-blooded and may be slowed by cold attacks.


Message History

There are monsters nearby!
The gnoll shouts!
There is a stone staircase leading down here.
The gnoll barely misses you.
You barely miss the gnoll. You punch the gnoll.
The gnoll is moderately wounded.
The gnoll hits you from afar with a +0 spear.
The gnoll misses you.
You hit the gnoll.
The gnoll is heavily wounded.
The gnoll hits you from afar with a +0 spear.
The gnoll hits you with a +0 whip.
* * * LOW HITPOINT WARNING * * *
You hit the gnoll but do no damage. You tail-slap the gnoll.
The gnoll is almost dead.
The gnoll hits you from afar with a +0 spear.
* * * LOW HITPOINT WARNING * * *
You hit the gnoll.
You kill the gnoll!
The gnoll hits you from afar with a +0 spear.
* * * LOW HITPOINT WARNING * * *
The gnoll barely misses you.
You see here a +0 whip.
You hit the gnoll but do no damage. You tail-slap the gnoll.
The gnoll is moderately wounded.
The gnoll hits you with a +0 spear.
* * * LOW HITPOINT WARNING * * *
You hit the gnoll.
The gnoll is heavily wounded.
You closely miss the gnoll.
Your tail-slap misses the gnoll.
The gnoll is heavily wounded.
The gnoll hits you but does no damage.
You closely miss the gnoll.
The gnoll is heavily wounded.
The gnoll hits you with a +0 spear.
* * * LOW HITPOINT WARNING * * *
You hit the gnoll but do no damage.
The gnoll is heavily wounded.
The gnoll hits you with a +0 spear.
You die...

,..######....#..#####,*
*#+#* #..#.#..#####.#
,,,,* #.............#
,,,,* #..###..#####.#
,,,,* #..# #........#
,**######..####.####.##
,,,..................#
,,,.......#####.####.#
**,.........>..g@....#
,*,..#################**
,***,,,,,,,,,,,,,,,,,,,*
,,,,,***************,***
,***,***************,***
,*,,,,,,,,,,,,,,,,,,,,,*
**,,********************
,,,,* *************
,,,,* *,,,,,,,,,,,*


You could see a gnoll.

Vanquished Creatures
  2 gnolls
  A dart slug (D:1)
  6 ball pythons (D:1)
  A bat (D:1)
  2 endoplasms
  2 giant cockroaches
  3 hobgoblins
  A goblin (D:1)
  A kobold (D:1)
  A rat (D:1)
20 creatures vanquished.

Vanquished Creatures (others)
  3 plants (D:2)
3 creatures vanquished.

Grand Total: 23 creatures vanquished

Notes
Turn   | Place    | Note
-------+----------+-------------------------------------------
     0 | D:1      | pkoi the Draconian Monk began the quest for the Orb.
     0 | D:1      | Reached XP level 1. HP: 19/19 MP: 1/1
   162 | D:1      | Found a faded altar of an unknown god.
   413 | D:1      | Reached XP level 2. HP: 26/26 MP: 2/2
   726 | D:1      | Reached skill level 4 in Unarmed Combat
  1048 | D:1      | Reached XP level 3. HP: 31/31 MP: 3/3
  1169 | D:2      | Slain by a gnoll

Illustrated notes

Levels and vault maps discovered:
D:1:      dpeg_arrival_castle, layout_basic,
          shapermc_ecumenical_altar_totnotflames
D:2:      layout_basic, serial_bayou, serial_bayou_pond_d, serial_bayou_shore_a,
          serial_bayou_lake_a, serial_bayou_shore_b, minmay_quantized,
          uniq_jessica, uniq_robin, uniq_natasha

Skill      XL: |  1  2 |
---------------+-------+-----
Unarmed Combat | 4 |  4.5
Fighting       | |  3.2
Dodging        | |  2.6
Stealth        | |  1.7

Action                   || total
-------------------------++-------
Melee: Unarmed           ||    68
       Tailslap          ||    11
       Punch             ||     1
  Use: Scroll            ||     3
 Stab: Sleeping          ||     3
Armor: Skin              ||    16
Dodge: Dodged            ||    37
